[ AOE2 MATCH · #504653052 ]
UnrankedMongols vs Tupi
Player's team · LOSS
Rival team · WIN
[ REPLAY ANALYSIS · EXTRACTED FROM THE RECORDED GAME ]
Feudal
8:51
Castle
20:51
Imperial
—
| APM avg | 42.3 |
| APM peak | 87 |
| eAPM avg | 19.3 |
| Villagers / military | 133 / 81 |
Focus
⚔️ 33.4% · 🌾 66.6%
Mangudai ×32 · Skirmisher ×16 · Cavalry Archer ×16 · Militia ×4 · Mangonel ×4 · Scorpion ×4
Feudal
9:16
Castle
21:39
Imperial
41:26
| APM avg | 51.4 |
| APM peak | 78 |
| eAPM avg | 31.9 |
| Villagers / military | 191 / 16 |
Focus
⚔️ 34.8% · 🌾 65.2%
Unknown (2550) ×86 · Unknown (2579) ×67 · Battering Ram ×7 · Monk ×6 · Spearman ×3
Match map
Initial resources + every placement click. Lines = walls · curves = elevation contours. ◆ gold · ⬟ stone · ● berries · ✦ relic · ◌ wall gap
Your base· Open — unwalled flank
Hoanginator's base· Open — unwalled flank
Smoothed initial terrain · ◌ = detected wall gap · hover for details
Inputs per minute
— _LY_斗鱼新秀拿破伦 - - Hoanginator
Build order — _LY_斗鱼新秀拿破伦
First 150 of 349 actions detected
| 0:00 | Queue | Villager (Male) |
| 0:01 | Queue | Villager (Male) |
| 0:02 | Build | House |
| 0:03 | Build | House |
| 0:07 | Queue | Villager (Male) |
| 0:11 | Queue | Villager (Male) |
| 1:28 | Build | Lumber Camp |
| 1:30 | Queue | Villager (Male) |
| 1:54 | Queue | Villager (Male) |
| 2:08 | Queue | Villager (Male) |
| 2:19 | Queue | Villager (Male) |
| 2:39 | Queue | Villager (Male) |
| 3:12 | Queue | Villager (Male) |
| 3:13 | Queue | Villager (Male) |
| 3:43 | Queue | Villager (Male) |
| 3:48 | Build | House |
| 4:00 | Queue | Villager (Male) |
| 4:22 | Build | Mill |
| 4:38 | Queue | Villager (Male) |
| 4:39 | Queue | Villager (Male) |
| 4:44 | Queue | Villager (Male) |
| 5:03 | Queue | Villager (Male) |
| 5:40 | Build | Barracks |
| 5:43 | Queue | Villager (Male) |
| 5:44 | Research | Loom |
| 6:10 | Build | House |
| 6:32 | Research | Feudal Age |
| 6:48 | Queue | Militia |
| 7:03 | Build | Mining Camp |
| 7:16 | Queue | Militia |
| 7:29 | Queue | Militia |
| 8:09 | Build | House |
| 8:12 | Queue | Villager (Male) |
| 8:51 | Age | Feudal Age |
| 8:52 | Build | Archery Range |
| 8:55 | Research | Man-at-Arms (upgrade) |
| 8:56 | Research | Double-Bit Axe |
| 9:05 | Queue | Villager (Male) |
| 9:10 | Queue | Villager (Male) |
| 9:57 | Build | Mill |
| 10:00 | Queue | Militia |
| 10:01 | Queue | Skirmisher |
| 10:14 | Queue | Villager (Male) |
| 10:35 | Build | Watch Tower |
| 10:46 | Queue | Villager (Male) |
| 10:59 | Build | Farm |
| 11:00 | Build | Farm |
| 11:01 | Build | Farm |
| 11:12 | Queue | Villager (Male) |
| 11:27 | Build | House |
| 11:41 | Queue | Villager (Male) |
| 11:47 | Queue | Skirmisher |
| 11:56 | Build | Farm |
| 12:00 | Build | Farm |
| 12:10 | Queue | Villager (Male) |
| 12:17 | Queue | Villager (Male) |
| 12:23 | Build | Mining Camp |
| 12:42 | Queue | Villager (Male) |
| 12:45 | Queue | Villager (Male) |
| 13:08 | Queue | Villager (Male) |
| 13:10 | Build | House |
| 13:11 | Build | House |
| 13:19 | Queue | Archer |
| 13:21 | Queue | Villager (Male) |
| 13:30 | Build | Farm |
| 13:31 | Build | Farm |
| 13:42 | Queue | Archer |
| 13:51 | Queue | Villager (Male) |
| 13:54 | Build | Farm |
| 14:03 | Build | Blacksmith |
| 14:05 | Build | House |
| 14:22 | Queue | Villager (Male) |
| 14:47 | Queue | Villager (Male) |
| 14:54 | Queue | Archer |
| 15:19 | Queue | Villager (Male) |
| 15:48 | Build | Watch Tower |
| 15:59 | Research | Fletching |
| 16:00 | Queue | Villager (Male) |
| 16:02 | Build | Farm |
| 16:33 | Queue | Villager (Male) |
| 16:49 | Build | Watch Tower |
| 17:01 | Build | Farm |
| 17:03 | Build | Farm |
| 17:05 | Build | Farm |
| 17:35 | Queue | Villager (Male) |
| 18:11 | Research | Castle Age |
| 18:38 | Build | Archery Range |
| 18:42 | Queue | Skirmisher |
| 18:42 | Queue | Skirmisher |
| 18:59 | Build | Watch Tower |
| 19:14 | Build | Lumber Camp |
| 19:22 | Research | Gold Mining |
| 19:30 | Queue | Skirmisher |
| 19:32 | Queue | Skirmisher |
| 19:38 | Build | House |
| 19:40 | Build | House |
| 20:08 | Queue | Skirmisher |
| 20:11 | Queue | Skirmisher |
| 20:29 | Build | House |
| 20:39 | Queue | Villager (Male) |
| 20:48 | Queue | Villager (Male) |
| 20:51 | Age | Castle Age |
| 20:52 | Research | Bodkin Arrow |
| 21:16 | Queue | Villager (Male) |
| 21:22 | Build | Town Center |
| 21:42 | Queue | Villager (Male) |
| 21:43 | Queue | Villager (Male) |
| 21:46 | Build | House |
| 21:49 | Build | House |
| 21:51 | Build | House |
| 21:53 | Build | Palisade Wall |
| 22:00 | Queue | Villager (Male) |
| 22:20 | Queue | Villager (Male) |
| 22:52 | Build | Watch Tower |
| 22:59 | Queue | Villager (Male) |
| 22:59 | Queue | Villager (Male) |
| 23:00 | Queue | Villager (Male) |
| 23:10 | Research | Padded Archer Armor |
| 23:28 | Queue | Cavalry Archer |
| 23:28 | Queue | Cavalry Archer |
| 23:43 | Queue | Villager (Male) |
| 24:08 | Queue | Cavalry Archer |
| 24:08 | Queue | Cavalry Archer |
| 24:12 | Queue | Villager (Male) |
| 24:18 | Queue | Villager (Male) |
| 24:22 | Build | Stable |
| 24:23 | Build | House |
| 24:24 | Build | House |
| 24:29 | Queue | Villager (Male) |
| 24:37 | Queue | Villager (Male) |
| 24:45 | Build | Town Center |
| 24:47 | Queue | Villager (Male) |
| 25:10 | Research | Elite Skirmisher (upgrade) |
| 25:12 | Queue | Villager (Male) |
| 25:26 | Queue | Villager (Male) |
| 25:29 | Queue | Villager (Male) |
| 25:41 | Build | Monastery |
| 25:45 | Research | Leather Archer Armor |
| 25:51 | Queue | Villager (Male) |
| 25:51 | Queue | Villager (Male) |
| 25:58 | Build | Palisade Wall |
| 25:59 | Build | Palisade Wall |
| 26:00 | Build | Palisade Wall |
| 26:01 | Build | Palisade Wall |
| 26:01 | Build | Palisade Wall |
| 26:10 | Queue | Monk |
| 26:11 | Queue | Villager (Male) |
| 26:12 | Queue | Villager (Male) |
| 26:12 | Queue | Villager (Male) |
| 26:26 | Queue | Villager (Male) |
Build order — Hoanginator
First 150 of 404 actions detected
| 0:00 | Queue | Villager (Male) |
| 0:01 | Build | House |
| 0:02 | Build | House |
| 0:04 | Queue | Villager (Male) |
| 0:04 | Queue | Villager (Male) |
| 0:04 | Queue | Villager (Male) |
| 1:04 | Queue | Villager (Male) |
| 1:04 | Queue | Villager (Male) |
| 1:28 | Queue | Villager (Male) |
| 1:28 | Queue | Villager (Male) |
| 2:02 | Queue | Villager (Male) |
| 2:02 | Queue | Villager (Male) |
| 2:19 | Queue | Villager (Male) |
| 2:19 | Queue | Villager (Male) |
| 2:21 | Build | Settlement |
| 2:49 | Queue | Villager (Male) |
| 2:49 | Queue | Villager (Male) |
| 3:33 | Queue | Villager (Male) |
| 3:33 | Queue | Villager (Male) |
| 3:33 | Queue | Villager (Male) |
| 3:54 | Queue | Villager (Male) |
| 3:55 | Queue | Villager (Male) |
| 4:17 | Queue | Villager (Male) |
| 4:17 | Queue | Villager (Male) |
| 4:27 | Queue | Villager (Male) |
| 4:28 | Queue | Villager (Male) |
| 4:50 | Queue | Villager (Male) |
| 4:50 | Queue | Villager (Male) |
| 4:51 | Queue | Villager (Male) |
| 5:15 | Queue | Villager (Male) |
| 5:16 | Queue | Villager (Male) |
| 5:24 | Queue | Villager (Male) |
| 5:24 | Queue | Villager (Male) |
| 6:01 | Queue | Villager (Male) |
| 6:01 | Queue | Villager (Male) |
| 6:16 | Build | Settlement |
| 6:32 | Research | Loom |
| 6:55 | Research | Feudal Age |
| 8:17 | Queue | Villager (Male) |
| 8:26 | Build | Barracks |
| 8:28 | Queue | Villager (Male) |
| 8:46 | Build | House |
| 8:47 | Build | Palisade Wall |
| 8:48 | Build | Palisade Wall |
| 8:49 | Build | Palisade Wall |
| 8:49 | Build | Palisade Wall |
| 8:55 | Build | Palisade Wall |
| 8:56 | Build | Palisade Wall |
| 9:11 | Build | Palisade Wall |
| 9:15 | Queue | Villager (Male) |
| 9:16 | Age | Feudal Age |
| 9:18 | Queue | Unit 2550 |
| 9:18 | Queue | Unit 2550 |
| 9:21 | Build | House |
| 9:25 | Queue | Spearman |
| 9:28 | Queue | Villager (Male) |
| 9:52 | Queue | Villager (Male) |
| 9:52 | Queue | Villager (Male) |
| 10:08 | Research | Double-Bit Axe |
| 10:10 | Queue | Villager (Male) |
| 10:10 | Queue | Villager (Male) |
| 10:35 | Queue | Villager (Male) |
| 10:41 | Queue | Villager (Male) |
| 10:41 | Queue | Villager (Male) |
| 10:56 | Build | Settlement |
| 10:58 | Queue | Villager (Male) |
| 11:20 | Build | Watch Tower |
| 11:21 | Queue | Villager (Male) |
| 11:39 | Queue | Villager (Male) |
| 11:43 | Queue | Villager (Male) |
| 11:53 | Queue | Villager (Male) |
| 12:00 | Build | Settlement |
| 12:07 | Build | House |
| 12:08 | Build | Palisade Wall |
| 12:19 | Build | Stone Wall |
| 12:20 | Queue | Villager (Male) |
| 12:54 | Build | Palisade Wall |
| 13:05 | Build | Palisade Wall |
| 13:12 | Build | Palisade Wall |
| 13:41 | Build | Farm |
| 13:43 | Build | Farm |
| 13:44 | Build | Farm |
| 13:47 | Queue | Villager (Male) |
| 13:54 | Queue | Villager (Male) |
| 14:03 | Queue | Villager (Male) |
| 14:09 | Build | Farm |
| 14:12 | Queue | Villager (Male) |
| 14:22 | Build | Market |
| 14:30 | Build | Market |
| 14:36 | Build | Stone Wall |
| 14:41 | Build | Stone Wall |
| 14:43 | Queue | Villager (Male) |
| 14:44 | Queue | Villager (Male) |
| 14:48 | Build | Farm |
| 14:49 | Queue | Villager (Male) |
| 14:56 | Build | Stone Wall |
| 14:57 | Build | Stone Wall |
| 14:59 | Queue | Villager (Male) |
| 15:06 | Research | Horse Collar |
| 15:33 | Build | Blacksmith |
| 15:37 | Queue | Villager (Male) |
| 15:54 | Build | Stone Wall |
| 15:55 | Build | Stone Wall |
| 15:57 | Build | Stone Wall |
| 15:59 | Build | Stone Wall |
| 16:02 | Build | Watch Tower |
| 16:04 | Queue | Villager (Male) |
| 16:13 | Build | Palisade Gate |
| 16:37 | Build | Palisade Wall |
| 16:44 | Build | Stone Wall |
| 16:52 | Build | Stone Wall |
| 16:59 | Build | Watch Tower |
| 17:00 | Queue | Villager (Male) |
| 17:10 | Queue | Villager (Male) |
| 17:18 | Build | Farm |
| 17:20 | Build | Farm |
| 17:24 | Queue | Villager (Male) |
| 17:30 | Build | Stone Wall |
| 17:34 | Research | Fletching |
| 17:35 | Queue | Villager (Male) |
| 17:53 | Build | Farm |
| 18:00 | Build | House |
| 18:14 | Build | Farm |
| 18:19 | Build | Farm |
| 18:25 | Queue | Villager (Male) |
| 18:34 | Build | House |
| 18:35 | Queue | Villager (Male) |
| 18:59 | Research | Castle Age |
| 18:59 | Research | Castle Age |
| 19:09 | Build | Farm |
| 19:17 | Build | Farm |
| 19:40 | Research | Gold Mining |
| 20:35 | Queue | Unit 2550 |
| 20:36 | Queue | Unit 2550 |
| 21:12 | Queue | Villager (Male) |
| 21:14 | Queue | Spearman |
| 21:14 | Queue | Spearman |
| 21:39 | Age | Castle Age |
| 21:47 | Research | Bodkin Arrow |
| 21:48 | Queue | Villager (Male) |
| 21:57 | Build | Town Center |
| 22:06 | Queue | Villager (Male) |
| 22:30 | Build | Farm |
| 22:31 | Build | Farm |
| 22:36 | Build | University |
| 22:40 | Research | Bow Saw |
| 22:40 | Research | Bow Saw |
| 22:50 | Queue | Villager (Male) |
| 22:50 | Queue | Villager (Male) |
| 23:04 | Build | Farm |
Match timeline
| 5:40 | _LY_斗鱼新秀拿破伦 · first_building Barracks |
| 8:26 | Hoanginator · first_building Barracks |
| 8:47 | Hoanginator · wall_segment Palisade Wall x3 |
| 8:48 | Hoanginator · wall_segment Palisade Wall x1 |
| 8:49 | Hoanginator · wall_segment Palisade Wall x1 |
| 8:49 | Hoanginator · wall_segment Palisade Wall x1 |
| 8:51 | _LY_斗鱼新秀拿破伦 · age_up feudal |
| 8:52 | _LY_斗鱼新秀拿破伦 · first_building Archery Range |
| 8:55 | Hoanginator · wall_segment Palisade Wall x3 |
| 8:56 | Hoanginator · wall_segment Palisade Wall x1 |
| 9:11 | Hoanginator · wall_segment Palisade Wall x4 |
| 9:16 | Hoanginator · age_up feudal |
| 12:08 | Hoanginator · wall_segment Palisade Wall x3 |
| 12:19 | Hoanginator · wall_segment Stone Wall x6 |
| 12:54 | Hoanginator · wall_segment Palisade Wall x7 |
| 13:05 | Hoanginator · wall_segment Palisade Wall x7 |
| 13:12 | Hoanginator · wall_segment Palisade Wall x11 |
| 14:36 | Hoanginator · wall_segment Stone Wall x2 |
| 14:41 | Hoanginator · wall_segment Stone Wall x2 |
| 14:56 | Hoanginator · wall_segment Stone Wall x2 |
| 14:57 | Hoanginator · wall_segment Stone Wall x8 |
| 15:54 | Hoanginator · wall_segment Stone Wall x1 |
| 15:55 | Hoanginator · wall_segment Stone Wall x1 |
| 15:57 | Hoanginator · wall_segment Stone Wall x2 |
| 15:59 | Hoanginator · wall_segment Stone Wall x6 |
| 16:37 | Hoanginator · wall_segment Palisade Wall x1 |
| 16:44 | Hoanginator · wall_segment Stone Wall x1 |
| 16:52 | Hoanginator · wall_segment Stone Wall x1 |
| 17:23 | Hoanginator · first_market_buy 100 food |
| 17:30 | Hoanginator · wall_segment Stone Wall x1 |
| 20:51 | _LY_斗鱼新秀拿破伦 · age_up castle |
| 21:39 | Hoanginator · age_up castle |
| 21:53 | _LY_斗鱼新秀拿破伦 · wall_segment Palisade Wall x1 |
| 24:11 | Hoanginator · first_building Castle |
| 24:22 | _LY_斗鱼新秀拿破伦 · first_building Stable |
| 24:40 | Hoanginator · first_building Monastery |
| 25:41 | _LY_斗鱼新秀拿破伦 · first_building Monastery |
| 25:58 | _LY_斗鱼新秀拿破伦 · wall_segment Palisade Wall x1 |
| 25:59 | _LY_斗鱼新秀拿破伦 · wall_segment Palisade Wall x1 |
| 26:00 | _LY_斗鱼新秀拿破伦 · wall_segment Palisade Wall x1 |
| 26:01 | _LY_斗鱼新秀拿破伦 · wall_segment Palisade Wall x1 |
| 26:01 | _LY_斗鱼新秀拿破伦 · wall_segment Palisade Wall x1 |
| 31:30 | _LY_斗鱼新秀拿破伦 · first_building Castle |
| 31:52 | Hoanginator · first_building Siege Workshop |
| 32:07 | _LY_斗鱼新秀拿破伦 · first_building Siege Workshop |
| 33:11 | Hoanginator · first_market_sell 100 wood |
| 41:26 | Hoanginator · age_up imperial |
| 41:32 | _LY_斗鱼新秀拿破伦 · resign |
[ AI ANALYSIS · 1 CREDIT ]
What really happened in this match?
Wolo.gg analyzes every decision: build order, eco, micro, common mistakes by bracket. Personalized analysis on WhatsApp or Discord in 30 seconds.
Civ guide
Mongols
Perfil
Jugador #23293463